 Dungeon Crawl Stone Soup version 0.31.0-11-ge490571c62 (webtiles) character file.

Game seed: 9488597430971798002

21843 jasper the Unseen (level 12, -3/80 HPs)
             Began as a Vampire Alchemist on Feb 1, 2024.
             Was an Elder of Ashenzari.
             Slain by a basilisk (11 damage)
             ... on level 3 of the Lair of Beasts.
             The game lasted 00:26:17 (14039 turns).

jasper the Unseen (Vampire Alchemist)              Turns: 14039, Time: 00:26:17

Health: -3/80      AC:  8    Str:  7    XL:     12   Next: 57%
Magic:  6/17       EV: 29    Int: 21    God:    Ashenzari [****..]
Gold:   547        SH:  0    Dex: 22    Spells: 5/17 levels left

rFire   . . .        m - +1 dagger of Ashenzari's Vision {speed, Cun, Elem} (curse)
rCold   + + .        (no shield)
rNeg    + + +        a - +0 robe of Desmomancy {Dev, Fort} (curse)
rPois   ∞            F - +2 helmet of Ashenzari's Pessimism {Self, Dev} (curse)
rElec   .            N - +2 cloak "Lashed Regret" {Range, Cun} (curse)
rCorr   .            (no gloves)
SInv    +            (no boots)
Will    +....        p - amulet of Ashenzari's Heresy {Acrobat, Fort, Elem} (curse)
Stlth   ++++++++++   e - ring "Prison of Ashenzari" {EV+5, Range, Cun} (curse)
HPRegen 0.00/turn    J - ring "Restrained With Me" {Dex+6, Melee, Range} (curse)
MPRegen 0.15/turn

%: acrobat, clarity
@: bloodless, inhibited regen
A: bloodless, fangs 3, see invisible, vampiric 2
a: Bat Form, Revivify, Renounce Religion, Curse Item, Shatter the Chains


You were on level 3 of the Lair of Beasts.
You worshipped Ashenzari.
Ashenzari was greatly pleased with you.
You visited 2 branches of the dungeon, and saw 13 of its levels.

You collected 845 gold pieces.
You spent 298 gold pieces at shops.

Inventory:

Hand Weapons
 j - a +0 short sword
 m - the cursed +1 dagger of Ashenzari's Vision (weapon) {speed, Cun, Elem}
   (You took it off a goblin on level 1 of the Dungeon)

   It has a curse which improves the following skills: Cunning: Dodging and
   Stealth.
   Elements:  Fire Magic, Ice Magic, Air Magic and Earth Magic.
Missiles
 f - 21 poisoned darts
 k - 111 stones
 w - 2 boomerangs
 C - 14 curare-tipped darts
 L - a throwing net
Armour
 a - the cursed +0 robe of Desmomancy (worn) {Dev, Fort}

   It has a curse which improves the following skills: Devices: Evocations and
   Shapeshifting.
   Fortitude: Armour and Shields.
 y - +0 swamp dragon scales
 F - the cursed +2 helmet of Ashenzari's Pessimism (worn) {Self, Dev}
   (You found it on level 8 of the Dungeon)

   It has a curse which improves the following skills: Introspection: Fighting
   and Spellcasting.
   Devices:   Evocations and Shapeshifting.
 N - the cursed +2 cloak "Lashed Regret" (worn) {Range, Cun}
   (You found it on level 9 of the Dungeon)

   It has a curse which improves the following skills: Ranged Combat: Ranged
   Weapons and Throwing.
   Cunning:   Dodging and Stealth.
Magical Staves
 i - a staff of cold
Jewellery
 e - the cursed ring "Prison of Ashenzari" (left hand) {EV+5, Range, Cun}
   (You found it on level 1 of the Dungeon)

   [ring of evasion]

   EV+5:      It affects your evasion (+5).
   It has a curse which improves the following skills: Ranged Combat: Ranged
   Weapons and Throwing.
   Cunning:   Dodging and Stealth.
 p - the cursed amulet of Ashenzari's Heresy (around neck) {Acrobat, Fort, Elem}
   (You found it on level 4 of the Dungeon)

   [amulet of the acrobat]

   Acrobat:   It increases your evasion while moving and waiting.
   It has a curse which improves the following skills: Fortitude: Armour and
   Shields.
   Elements:  Fire Magic, Ice Magic, Air Magic and Earth Magic.
 v - the ring of Secrets {MP+9 Int+4 Dex-5}
   (You bought it in a shop on level 5 of the Dungeon)

   [ring of magical power]

   Int+4:     It affects your intelligence (+4).
   Dex-5:     It affects your dexterity (-5).
   MP+9:      It affects your magic capacity (+9).
 J - the cursed ring "Restrained With Me" (right hand) {Dex+6, Melee, Range}
   (You found it on level 8 of the Dungeon)

   [ring of dexterity]

   Dex+6:     It affects your dexterity (+6).
   It has a curse which improves the following skills: Melee Combat: Short
   Blades, Long Blades, Axes, Maces & Flails, Polearms, Staves and Unarmed
   Combat.
   Ranged Combat: Ranged Weapons and Throwing.
 O - an amulet of regeneration
Wands
 c - a wand of roots (9)
 u - a wand of flame (32)
 x - a wand of paralysis (4)
 z - a wand of digging (7)
 D - a wand of mindburst (16)
 G - a wand of polymorph (19)
 M - a wand of quicksilver (10)
Scrolls
 r - 2 scrolls of revelation
 s - 2 scrolls of poison
 t - 5 scrolls of fear
 E - 2 scrolls of enchant armour
 I - 4 scrolls of teleportation
 K - 4 scrolls of vulnerability
 P - a scroll of blinking
 Q - a scroll of enchant weapon
Potions
 b - a potion of magic
 d - 5 potions of lignification
 g - 3 potions of haste
 h - 2 potions of heal wounds
 l - 2 potions of enlightenment
 n - 4 potions of mutation
 o - 2 potions of brilliance
 q - a potion of berserk rage
 A - 2 potions of attraction
 B - 2 potions of might
 H - a potion of curing


   Skills:
 + Level 9.6(11.4) Fighting
 - Level 8.2(10.1) Short Blades
 + Level 11.5(15.1) Dodging
 + Level 15.9(19.4) Stealth
 - Level 2.0(3.4) Spellcasting
 - Level 2.0 Conjurations
 - Level 3.6(6.0) Fire Magic
 - Level 2.0(4.0) Air Magic
 - Level 8.0 Alchemy


You had 5 spell levels left.
You knew the following spells:

 Your Spells              Type           Power      Damage    Failure   Level
a - Sting                 Conj/Alch      96%        1d9       1%          1
b - Mephitic Cloud        Conj/Alch/Air  23%        N/A       5%          3
c - Olgreb's Toxic Radia  Alch           37%        N/A       4%          4
d - Sticky Flame          Fire/Alch      33%        2d7       7%          4

Your spell library contained the following spells:

 Spells                   Type           Power      Damage    Failure   Level
 Mercury Vapours          Alch/Air       56%        N/A       1%          2
 Inner Flame              Hex/Fire       16%        N/A       11%         3
 Summon Small Mammal      Summ           12%        N/A       13%         1
 Call Imp                 Summ           6%         N/A       19%         2
 Sublimation of Blood     Necr           3%         N/A       19%         2
 Flame Wave               Conj/Fire      20%        2d7       24%         4
 Call Canine Familiar     Summ           3%         N/A       36%         3
 Summon Blazeheart Golem  Fire/Summ      16%        N/A       36%         4
 Summon Hydra             Summ           1%         N/A       100%        7


Dungeon Overview and Level Annotations

Branches:
Dungeon (10/15)            Temple (0/1) D:4            Lair (3/5) D:8
  Swamp (0/4) Lair:2        Snake (0/4) Lair:2
    Orc: D:9-12

Altars:
Ashenzari
Cheibriados
Dithmenos
Fedhas
Gozag
Hepliaklqana
Kikubaaqudgha
Makhleb
Nemelex Xobeh
Okawaru
Qazlal
Ru
Sif Muna
Trog
Uskayaw
Vehumet
Wu Jian
Xom
Yredelemnul

Shops:
D:5 =

Annotations:
D:4 3 runed translucent doors, RancidPinata's ghost, weakling OpDe
D:9 3 runed translucent doors, dchavez06's ghost, novice DsFi
Lair:2 2 transporters, Rem's ghost, journeyman OpCj


Innate Abilities, Weirdness & Mutations

You do not regenerate when monsters are visible.
You are frail without blood (-20% HP).
You can heal yourself when you bite living creatures.
You are immune to poison.
You have razor-sharp teeth.
You have supernaturally acute eyesight. (SInv)
You are afflicted with vampirism and can become a bat while bloodless.


Message History

Confirm with . or Enter, or press ? or * to list all spells.
You begin to radiate toxic energy.
You kill the yak!
The basilisk is poisoned.
The basilisk looks even sicker. x2
Unknown command.
The basilisk looks even sicker. x2
The basilisk gazes at you.
You easily resist.
The basilisk looks as sick as possible! x2
Your toxic aura wanes.
The basilisk gazes at you.
You are slowing down.
The basilisk gazes at you.
Your limbs have turned to stone.
You have turned to stone.
The basilisk gazes at you.
You easily resist.
The basilisk gazes at you.
You easily resist.
The basilisk gazes at you. The basilisk bites you.
* * * LOW HITPOINT WARNING * * *
The basilisk bites you.
* * * LOW HITPOINT WARNING * * *
The basilisk gazes at you. The basilisk gazes at you.
You easily resist.
The basilisk gazes at you.
You easily resist.
The basilisk bites you.
* * * LOW HITPOINT WARNING * * *
The basilisk gazes at you.
You easily resist.
The basilisk gazes at you.
You turn to flesh and can move again.
Unknown command.
Unknown command.
As you read the scroll of summoning, it crumbles to dust.
Wisps of shadow whirl around you... The basilisk barely misses you.
The basilisk bites you!
You die...

*,,,,** ,*,,*** *,,,,*
,,,,,* *,,*** *** ,#,* ***
****P* *#.##*,** **,...,
,.....,,#####.....*
,.†....##l@F...#,**
*........l##..##*,,,,,,,,,,
*#....P.SF#,....#*,,,**,**,
#........##.##.##...******
#........P..#?.....#*#####
*#............#.....###.#.#
,#.P#...........##..P......
*#..P.#.................#..
,.......?##..##,#..........


You could see 2 basilisks, a friendly black mamba (summoned) and 2 friendly cane
toads.

Vanquished Creatures
  Gastronok (Lair:1)
  Harold (D:9)
  2 two-headed ogres
  Sonja (Lair:2)
  Pikel (D:5)
  An elephant (D:8)
  3 black mambas (Lair:2)
  5 cane toads
  3 komodo dragons
  A rime drake (Lair:1)
  2 trolls
  14 blink frogs
  A wraith (D:10)
  Sigmund (D:3)
  12 yaks
  2 wyverns
  A fire bat (D:7)
  Eustachio (D:6)
  3 vampire mosquitoes (D:10)
  4 basilisks
  A steam dragon (D:8)
  2 acid dragons
  3 nagas (Lair:2)
  Edmund (D:6)
  6 water moccasins
  4 orc warriors
  3 black bears
  2 ice beasts
  An ogre (D:4)
  3 sky beasts
  14 wolves
  2 centaurs
  A lemure (D:5)
  Blork the orc (D:6)
  3 kobold brigands
  A gnoll sergeant (D:7)
  11 bullfrogs
  3 scorpions
  10 wights
  A vampire bat (D:3)
  10 howler monkeys
  3 hounds
  5 orc priests
  2 gnoll boudas
  3 jellies
  Terence (D:2)
  An iguana (D:5)
  2 sleepcaps
  7 orc wizards
  Ijyb (D:3)
  5 hell rats (Lair:2)
  9 adders
  8 gnolls (D:7)
  2 river rats (D:3)
  A shadow imp (D:6)
  2 white imps
  2 ufetubi (D:6)
  3 dart slugs
  3 ribbon worms (D:3)
  33 orcs
  2 bat skeletons (D:3)
  4 bat zombies (D:3)
  3 endoplasms
  6 giant cockroaches
  9 goblins
  8 hobgoblins
  2 quokkas
  9 ball pythons
  5 bats
  4 frilled lizards
  10 kobolds
  8 rats
306 creatures vanquished.

Vanquished Creatures (collateral kills)
  Maggie (D:6)
  A phantom (D:6)
  A bombardier beetle (D:6)
  A hound (D:6)
  A shadow imp (D:6)
5 creatures vanquished.

Grand Total: 311 creatures vanquished

Notes
Turn   | Place    | Note
-------+----------+-------------------------------------------
     0 | D:1      | jasper the Vampire Alchemist began the quest for the Orb.
     0 | D:1      | Reached XP level 1. HP: 13/13 MP: 3/3
     2 | D:1      | Noticed a tengu
     2 | D:1      | Noticed a minotaur
     4 | D:1      | Noticed a spriggan
     8 | D:1      | Noticed a human
    10 | D:1      | Noticed a gargoyle
    10 | D:1      | Noticed a demigod
    12 | D:1      | Noticed an octopode
    12 | D:1      | Noticed a naga
    14 | D:1      | Noticed an oni
    14 | D:1      | Noticed a vine stalker
    16 | D:1      | Noticed a ghoul
    16 | D:1      | Noticed a barachi
    18 | D:1      | Noticed an armataur
    18 | D:1      | Noticed an elf
    20 | D:1      | Noticed a merfolk
    20 | D:1      | Noticed a formicid
    22 | D:1      | Noticed a troll
    22 | D:1      | Noticed a demonspawn
    24 | D:1      | Noticed a djinni
    24 | D:1      | Noticed a vampire
    26 | D:1      | Noticed a felid
    26 | D:1      | Noticed a draconian
   267 | D:1      | Reached XP level 2. HP: 19/19 MP: 1/5
   836 | D:2      | Gained mutation: You are afflicted with vampirism and can
                  | become a bat while bloodless. [Vampire growth]
   836 | D:2      | Reached XP level 3. HP: 24/24 MP: 3/6
   840 | D:2      | Learned a level 3 spell: Mephitic Cloud
   869 | D:2      | Found a faded altar of an unknown god.
  1077 | D:2      | Reached skill level 1 in Conjurations
  1133 | D:2      | Reached skill level 5 in Alchemy
  1218 | D:2      | Reached XP level 4. HP: 30/30 MP: 5/7
  1303 | D:2      | Reached skill level 1 in Air Magic
  1659 | D:2      | Noticed Terence
  1674 | D:2      | Killed Terence
  1949 | D:3      | Found a bloodstained altar of Trog.
  2079 | D:3      | Found a broken altar of Ashenzari.
  2192 | D:3      | Became a worshipper of Ashenzari the Shackled
  2372 | D:3      | Noticed Ijyb
  2392 | D:3      | Killed Ijyb
  2393 | D:3      | Reached XP level 5. HP: 10/35 MP: 8/8
  2506 | D:3      | Learned a level 4 spell: Olgreb's Toxic Radiance
  2600 | D:3      | Noticed Sigmund
  2613 | D:3      | Killed Sigmund
  2614 | D:3      | Reached XP level 6. HP: 41/41 MP: 6/9
  2656 | D:3      | Found an ancient bone altar of Kikubaaqudgha.
  3612 | D:4      | Reached XP level 7. HP: 37/37 MP: 1/10
  3738 | D:4      | Reached skill level 1 in Short Blades
  3800 | D:4      | Reached skill level 1 in Fighting
  3836 | D:4      | Reached * piety under Ashenzari
  3939 | D:4      | Found a staircase to the Ecumenical Temple.
  3969 | D:4      | Identified the +3 ring mail "Gainas" {SInv}
  3988 | D:4      | Found a runed translucent gate.
  3988 | D:4      | Found a runed translucent gate.
  3988 | D:4      | Found a runed translucent gate.
  3988 | D:4      | Noticed RancidPinata's ghost (weakling OpDe)
  4120 | D:4      | Found a burning altar of Makhleb.
  4127 | D:4      | Found a sacrificial altar of Ru.
  4130 | D:4      | Found a hazy altar of Hepliaklqana.
  4143 | D:4      | Found an opulent altar of Gozag.
  4146 | D:4      | Found a radiant altar of Vehumet.
  4298 | D:4      | Reached skill level 4 in Stealth
  4652 | D:5      | Entered Level 5 of the Dungeon
  4754 | D:5      | Noticed Pikel
  4780 | D:5      | Killed Pikel
  4781 | D:5      | Reached skill level 5 in Stealth
  4781 | D:5      | Reached XP level 8. HP: 45/45 MP: 4/11
  4867 | D:5      | Reached skill level 6 in Stealth
  4867 | D:5      | Reached ** piety under Ashenzari
  5033 | D:5      | Found Laud's Jewellery Shoppe.
  5046 | D:5      | Bought the ring of Secrets {MP+9 Int+4 Dex-5} for 298 gold
                  | pieces
  5151 | D:5      | Found a shadowy altar of Dithmenos.
  5210 | D:5      | Found a sparkling altar of Nemelex Xobeh.
  5383 | D:6      | Noticed Maggie
  5501 | D:6      | Found a stormy altar of Qazlal.
  5530 | D:6      | Noticed Edmund
  5533 | D:6      | Killed Edmund
  5534 | D:6      | Reached skill level 5 in Dodging
  5534 | D:6      | Reached skill level 7 in Stealth
  5564 | D:6      | Killed Maggie
  5568 | D:6      | Reached XP level 9. HP: 52/52 MP: 12/12
  5573 | D:6      | Learned a level 4 spell: Sticky Flame
  5632 | D:6      | Reached skill level 1 in Fire Magic
  5741 | D:6      | Noticed Blork the orc
  5751 | D:6      | Killed Blork the orc
  5765 | D:6      | Noticed Eustachio
  5842 | D:6      | Killed Eustachio
  6176 | D:6      | Noticed a +0 falchion
  6176 | D:6      | Noticed a +0 dagger
  6176 | D:6      | Noticed a +0 dagger
  6177 | D:6      | Noticed a +0 short sword
  6177 | D:6      | Noticed a +0 spear
  6177 | D:6      | Noticed a +0 falchion
  6178 | D:6      | Noticed a +0 spear
  6179 | D:6      | Noticed a +0 short sword
  6226 | D:6      | Reached skill level 5 in Short Blades
  6226 | D:6      | Reached skill level 8 in Stealth
  6230 | D:6      | Found a hide-covered altar of Uskayaw.
  6445 | D:6      | Found a hide-covered altar of Uskayaw.
  6982 | D:7      | Found a blossoming altar of Fedhas.
  7121 | D:7      | Found an iron altar of Okawaru.
  7121 | D:7      | Found a shimmering blue altar of Sif Muna.
  7317 | D:7      | Reached skill level 9 in Stealth
  7324 | D:7      | Noticed a troll
  7350 | D:7      | Killed a troll
  7579 | D:7      | Reached skill level 5 in Fighting
  7579 | D:7      | Reached XP level 10. HP: 59/59 MP: 13/13
  7644 | D:7      | Found a shimmering altar of Xom.
  7840 | D:8      | Reached *** piety under Ashenzari
  7952 | D:8      | Noticed a two-headed ogre
  8003 | D:8      | Killed a two-headed ogre
  8004 | D:8      | Reached skill level 10 in Stealth
  8233 | D:8      | Noticed an elephant
  8266 | D:8      | Killed an elephant
  8690 | D:8      | Found a staircase to the Lair.
  9131 | D:8      | Reached **** piety under Ashenzari
  9595 | D:9      | Noticed Harold
  9599 | D:9      | Killed Harold
  9600 | D:9      | Reached skill level 11 in Stealth
  9730 | D:9      | Found a runed translucent gate.
  9730 | D:9      | Found a runed translucent gate.
  9730 | D:9      | Found a runed translucent gate.
  9731 | D:9      | Noticed dchavez06's ghost (novice DsFi)
 10210 | D:10     | Entered Level 10 of the Dungeon
 10210 | D:10     | Found an ornate altar of the Wu Jian Council.
 10241 | D:10     | Reached XP level 11. HP: 68/68 MP: 16/16
 10540 | D:10     | Noticed a two-headed ogre
 10560 | D:10     | Killed a two-headed ogre
 10728 | D:10     | Found a snail-covered altar of Cheibriados.
 10760 | D:10     | Reached skill level 12 in Stealth
 10892 | D:10     | Found a basalt altar of Yredelemnul.
 11028 | Lair:1   | Entered Level 1 of the Lair of Beasts
 11675 | Lair:1   | Reached skill level 13 in Stealth
 12262 | Lair:1   | Noticed Gastronok
 12264 | Lair:1   | Killed Gastronok
 12265 | Lair:1   | Reached skill level 10 in Dodging
 12265 | Lair:1   | Reached skill level 14 in Stealth
 12392 | Lair:2   | Found a staircase to the Swamp.
 12411 | Lair:2   | Reached XP level 12. HP: 58/78 MP: 5/17
 12620 | Lair:2   | Noticed Sonja
 12636 | Lair:2   | Killed Sonja
 12652 | Lair:2   | Found a staircase to the Snake Pit.
 12663 | Lair:2   | Reached skill level 15 in Stealth
 13403 | Lair:2   | Found a transporter.
 13414 | Lair:2   | Noticed Rem's ghost (journeyman OpCj)
 13420 | Lair:2   | Found a transporter.
 13425 | Lair:2   | Found a bloodstained altar of Trog.
 14039 | Lair:3   | Slain by a basilisk

Illustrated notes

Levels and vault maps discovered:
D:1:      kb_arrival_jail, layout_rooms
D:2:      layout_loops_corners, chequers_ecumenical_altar_simple,
          kennysheep_generic_room_16, uniq_terence
D:3:      layout_loops_corners, kennysheep_vampire_church,
          mainiacjoe_overflow_catwalk_spiral, portal_sewer_entry_e,
          minmay_misc_feat_more_columns, uniq_ijyb, uniq_sigmund
D:4:      layout_loops_ring, minmay_overflow_temple_star_hex,
          minmay_temple_entry_nine_rooms, gammafunk_ghost_necromancy
D:5:      layout_rooms, mainiacjoe_overflow_brackets,
          mainiacjoe_overflow_six_doors_small, serial_shops, shop, uniq_pikel
D:6:      nicolae_cairo_tiling_large_dashed, layout_basic,
          grunt_qazlal_sundering, nicolae_uskayaw_en_pointe, kennysheep_diamond,
          st_stairs_4, minmay_misc_feat_cross, uniq_edmund, uniq_eustachio,
          uniq_blork_the_orc, uniq_maggie
D:7:      kennysheep_big_flooded_room, layout_loops_ring,
          overflow_temple_1_default, regret_index_xom_of_box,
          okawaru_metal_pillars_3, fedhas_altar_2, tso_oasis_becter
D:8:      layout_basic, david_lair_generic
D:9:      layout_loops_ring, ebering_ghost_rock_garden, solitary_fountain,
          grunt_decor_one_mirror, uniq_harold
D:10:     layout_loops_ring, lemuel_crystal_altar, mainiacjoe_overflow_chevrons,
          mainiacjoe_overflow_concentric_impassable,
          mainiacjoe_overflow_catwalk, mainiacjoe_overflow_surrounded_room
Lair:1:   layout_long_grid, st_stairs_4, serial_bayou_shore_b, uniq_gastronok
Lair:2:   layout_chaotic_city, swamp_mist, guppyfry_snake_entry_garden,
          gammafunk_ghost_wrathful_warriors, uniq_sonja
Lair:3:   layout_misc_corridors

Skill      XL: |  1  2  3  4  5  6  7  8  9 10 11 12 |
---------------+-------------------------------------+-----
Alchemy        | 4 5 6 8 |  8.0
Conjurations   | 1 2 |  2.0
Air Magic      | 1 2 |  2.0
Short Blades   | 3 4 6 8 |  8.2
Fighting       | 2 3 5 6 8 9 |  9.6
Stealth        | 5 7 9 11 14 15 | 15.9
Dodging        | 4 5 6 8 10 11 | 11.5
Fire Magic     | 3 |  3.6
Spellcasting   | |  2.0

Action                     |  1- 3 |  4- 6 |  7- 9 | 10-12 || total
---------------------------+-------+-------+-------+-------++-------
  Melee: Unarmed           |    10 |       |       |       ||    10
         Bite              |     2 |     6 |    14 |    51 ||    73
         Short sword       |     3 |       |       |       ||     3
         Dagger            |    19 |    74 |   118 |   297 ||   508
         Punch             |       |       |     1 |     2 ||     3
   Cast: Sting             |    42 |    74 |    21 |    12 ||   149
         Olgreb's Toxic Ra |       |     2 |    25 |    48 ||    75
         Mephitic Cloud    |       |     2 |     4 |    11 ||    17
         Sticky Flame      |       |       |     8 |    26 ||    34
 Invoke: Curse Item        |       |     1 |     3 |     3 ||     7
Ability: Exsanguinate      |       |     1 |       |       ||     1
  Evoke: Wand              |       |       |     3 |       ||     3
    Use: Scroll            |     3 |     6 |     2 |     3 ||    14
         Potion            |       |     3 |       |       ||     3
   Stab: Sleeping          |       |     3 |    10 |    35 ||    48
         Confused          |       |     1 |     7 |     7 ||    15
         Paralysed         |       |       |     1 |       ||     1
         Distracted        |       |       |       |     3 ||     3
 Armour: Robe              |    12 |    53 |    37 |    85 ||   187
  Dodge: Dodged            |    30 |   101 |   174 |   301 ||   606
